 Dungeon Crawl Stone Soup version 0.27.0-1-g7a089689b8 (webtiles) character file.

Game seed: 7903445249221917241

504 GordonOverkill the Caller (level 6, -2/29 (30) HPs)
             Began as a Felid Necromancer on Aug 3, 2021.
             Succumbed to Erica's poison
             ... on level 8 of the Dungeon.
             The game lasted 00:22:49 (12525 turns).

GordonOverkill the Caller (Felid Necromancer)      Turns: 12525, Time: 00:22:49

HP:   -2/29 (30)    AC:  2    Str:  4    XL:     6   Next: 96%
MP:   2/14          EV: 32    Int: 18    God:
Gold: 336           SH:  0    Dex: 17    Spells: 8/15 levels left
                                        Lives: 0   Deaths: 2

rFire    . . .     SeeInvis +   (weapon unavailable)
rCold    . . .     Faith    .   (shield unavailable)
rNeg     . . .     Spirit   .   (armour unavailable)
rPois    .         Reflect  .   (helmet unavailable)
rElec    .         Harm     .   (cloak unavailable)
rCorr    .         Rampage  .   (gloves unavailable)
Will     .....                  (boots unavailable)
Stlth    ++........             n - amulet of the acrobat
HPRegen  0.09/turn              (no ring)
MPRegen  0.14/turn              (no ring)

@: lethally poisoned (-2 -> -30), acrobatic, very slightly contaminated, lightly
drained, invisible, quick
A: very small, claws 1, fangs 3, see invisible, speed 1, shaggy fur 2, stealthy
paws, no weapons or thrown items, no armour, multi-lived
a: no special abilities


You were on level 8 of the Dungeon.
You visited 1 branch of the dungeon, and saw 8 of its levels.

You collected 336 gold pieces.

Inventory:

Jewellery
 n - an amulet of the acrobat (around neck)
Wands
 a - a wand of polymorph (6)
Scrolls
 b - 2 scrolls of amnesia
 f - a scroll of vulnerability
 h - a scroll of fog


   Skills:
 + Level 5.2 Fighting
 - Level 2.6 Dodging
 - Level 2.6 Stealth
 + Level 5.1 Spellcasting
 + Level 6.1 Summonings
 - Level 4.1 Necromancy


You had 8 spell levels left.
You knew the following spells:

 Your Spells              Type           Power      Damage    Failure   Level
a - Pain                  Necr           76%        1d7       2%          1
b - Call Canine Familiar  Summ           26%        N/A       3%          3
c - Vampiric Draining     Necr           9%         2d7       7%          3

Your spell library contained the following spells:

 Spells                   Type           Power      Damage    Failure   Level
 Animate Skeleton         Necr           38%        N/A       2%          1
 Corpse Rot               Necr/Air       N/A        N/A       9%          2
 Ensorcelled Hibernation  Hex/Ice        8%         N/A       21%         2
 Animate Dead             Necr           9%         N/A       24%         4
 Spider Form              Tmut/Pois      2%         N/A       36%         3
 Agony                    Necr           19%        N/A       54%         5
 Leda's Liquefaction      Hex/Erth       2%         N/A       78%         4
 Shadow Creatures         Summ           N/A        N/A       85%         6
 Lightning Bolt           Conj/Air       2%         1d13      98%         5
 Metabolic Englaciation   Hex/Ice        2%         N/A       98%         5
 Portal Projectile        Hex/Tloc       Unusable   N/A       N/A         3

Dungeon Overview and Level Annotations

Branches:
Dungeon (8/15)
 Temple: D:4-7         Lair: D:8-11

Altars:
Cheibriados
Dithmenos
Qazlal
Uskayaw
Wu Jian
Yredelemnul

Shops:
D:4 [

Annotations:
D:5 Prince Ribbit
D:8 Erica


Innate Abilities, Weirdness & Mutations

You have sharp claws.
You have razor-sharp teeth.
You have supernaturally acute eyesight. (SInv)
You cover ground quickly. (Speed+)
You are covered in thick fur. (AC +2)
Your paws help you pounce on unaware monsters.
You are incapable of wielding weapons or throwing items.
You cannot wear armour.
You gain extra lives every three experience levels.


Message History

Casting: Vampiric Draining (quite dangerous; 7% risk of failure)
Confirm with . or Enter, or press ? or * to list all spells.
The spell is quite dangerous to cast (7% risk of failure)!
Continue anyway? [Y]es or [N]o only, please.
The spell is quite dangerous to cast (7% risk of failure)!
Continue anyway?
Aiming: Vampiric Draining (quite dangerous; 7% risk of failure)
Press: ? - help, Shift-Dir - straight line, f/p - Erica
Aim: Erica the redback (ally target)
You draw life force from Erica.
You feel life coursing into your body.
Your hound bites Erica.
Erica misses you.
Your hound bites Erica.
Casting: Vampiric Draining (quite dangerous; 7% risk of failure)
Confirm with . or Enter, or press ? or * to list all spells.
The spell is quite dangerous to cast (7% risk of failure)!
Continue anyway? [Y]es or [N]o only, please.
The spell is quite dangerous to cast (7% risk of failure)!
Continue anyway?
Aiming: Vampiric Draining (quite dangerous; 7% risk of failure)
Press: ? - help, Shift-Dir - straight line, f/p - Erica
Aim: Erica the redback (moderately wounded, ally target)
You miscast Vampiric Draining.
You are very lightly contaminated with residual magic.
Nothing appears to happen.
Erica bites you.
Your hound closely misses Erica.
Erica bites you.
You are lethally poisoned!
Erica poisons you!
You feel better.
Your hound bites Erica.
Erica bites you!
* * * LOW HITPOINT WARNING * * *
You are lethally poisoned!
Erica poisons you!
Your hound bites Erica.
It was a potion of invisibility.
You fade into invisibility!
* * * LOW HITPOINT WARNING * * *
You feel extremely sick. Erica closely misses you.
Your hound closely misses Erica.
Erica misses you.
You swap places.
* * * LOW HITPOINT WARNING * * *
You feel very sick.
Your hound barely misses Erica.
Erica bites your hound!
Your hound dies!
Your hound's corpse disappears in a puff of smoke!
You die...

#...* #.............
#...######.............
#........#.............
*******#........#.............
*,,,,,*#........#.............
*,***,*#........#.............
*,*
*,*#......ยง.#.............
*,***,##......s.#..###.....<##
*,*,,,...!)[.@..#..##########*
*,*,*,#......)..#..........,,,
*,*,*,#...........#########***
*,*,,,#......!..###
*,*,,,#.........#
*,,,,,#.###.##### *<*,**#.*
#.* ***,*,* *,**#.* *,,,,,*
*,,,,,*


You could see Erica the redback.

Vanquished Creatures
  2 water moccasins
  A black bear (D:6)
  2 centaurs
  Blork the orc (D:5)
  A scorpion (D:5)
  A centaur zombie (D:7)
  A jelly (D:8)
  A centaur skeleton (D:7)
  A hound (D:5)
  Terence (D:3)
  An iguana (D:5)
  A hound skeleton (D:4)
  4 adders
  5 gnolls
  2 worms (D:2)
  3 dart slugs
  10 orcs
  7 ball pythons
  8 bats
  9 endoplasms
  3 giant cockroaches
  3 goblins
  11 hobgoblins
  20 jackals
  10 kobolds
  3 quokkas
  2 frilled lizards
  8 rats
122 creatures vanquished.

Vanquished Creatures (collateral kills)
  2 necrophages (D:4)
  An ogre (D:4)
  A phantom (D:5)
  A kobold brigand (D:4)
  A water moccasin zombie (D:5)
  A jelly (D:5)
  A bullfrog zombie (D:5)
  A hound (D:4)
  3 adders (D:4)
  2 white imps
  An ufetubus (D:3)
  An adder zombie (D:3)
  3 orcs
  A jackal (D:3)
  A ball python (D:3)
21 creatures vanquished.

Grand Total: 143 creatures vanquished

Notes
Turn   | Place    | Note
-------+----------+-------------------------------------------
     0 | D:1      | GordonOverkill the Felid Necromancer began the quest for
                  | the Orb.
     0 | D:1      | Reached XP level 1. HP: 7/7 MP: 4/4
   124 | D:1      | Found a basalt altar of Yredelemnul.
   329 | D:1      | Reached XP level 2. HP: 6/12 MP: 0/6
   576 | D:1      | Reached skill level 1 in Fighting
  1298 | D:1      | Reached skill level 1 in Summonings
  1576 | D:1      | Reached XP level 3. HP: 14/15 MP: 5/7
  1641 | D:1      | Learned a level 3 spell: Call Canine Familiar
  2905 | D:1      | Found a faded altar of an unknown god.
  3470 | D:2      | Reached skill level 2 in Summonings
  3713 | D:2      | Reached XP level 4. HP: 14/19 MP: 7/9
  4655 | D:3      | Noticed Terence
  4675 | D:3      | Killed Terence
  5065 | D:3      | Found an ornate altar of the Wu Jian Council.
  5090 | D:3      | Found a snail-covered altar of Cheibriados.
  5104 | D:3      | Found a shadowy altar of Dithmenos.
  5117 | D:3      | Found a hide-covered altar of Uskayaw.
  5419 | D:3      | Reached XP level 5. HP: 10/22 MP: 1/10
  5444 | D:3      | Reached skill level 3 in Summonings
  6866 | D:4      | Found Guumuen's Antique Armour Emporium.
  7165 | D:4      | Noticed a necrophage
  7210 | D:4      | Killed a necrophage
  7310 | D:4      | Noticed a necrophage
  7334 | D:4      | Killed a necrophage
  7335 | D:4      | Gained mutation: You are covered in thick fur. (AC +2)
                  | [Felid growth]
  7335 | D:4      | Reached XP level 6. HP: 20/27 MP: 7/12
  7458 | D:4      | Reached skill level 4 in Summonings
  8194 | D:4      | Got the Incunabulum of Glacial Air
  8581 | D:4      | Learned a level 3 spell: Vampiric Draining
  8608 | D:5      | Entered Level 5 of the Dungeon
  8633 | D:5      | Reached XP level 7. HP: 32/32 MP: 3/14
  8897 | D:4      | Found Guumuen's Antique Armour Emporium.
  9632 | D:5      | Noticed Blork the orc
  9647 | D:5      | Killed Blork the orc
  9648 | D:5      | Reached skill level 5 in Spellcasting
  9756 | D:5      | Reached skill level 5 in Fighting
  9835 | D:5      | Noticed Prince Ribbit
  9871 | D:5      | Reached skill level 5 in Summonings
 10041 | D:5      | Slain by Prince Ribbit
 10042 | D:5      | Reached XP level 6. HP: 0/30 MP: 4/14
 10267 | D:5      | Reached XP level 7. HP: 20/33 MP: 5/15
 10574 | D:5      | Noticed a hornet
 10591 | D:5      | Paralysed by a hornet for 3 turns
 10594 | D:5      | Succumbed to a hornet's poison
 10595 | D:5      | Reached XP level 6. HP: -1/30 MP: 5/14
 11114 | D:6      | Noticed a water moccasin
 11143 | D:6      | Killed a water moccasin
 11696 | D:7      | Found a stormy altar of Qazlal.
 11752 | D:7      | Reached skill level 6 in Summonings
 12510 | D:8      | Noticed Erica
 12518 | D:8      | Noticed Erica
 12518 | D:8      | Erica changed into Erica the redback
 12525 | D:8      | Succumbed to Erica's poison

Illustrated notes

Levels and vault maps discovered:
D:1:      dpeg_arrival_rhombus, layout_basic,
          hellmonk_ecumenical_altar_heavens_door, minmay_hexomino_r4
D:2:      layout_loops_corners, grunt_ministairs_13, serial_bayou_crossing
D:3:      wad_river_or_something, layout_basic,
          grunt_temple_overflow_cloverleaf, uniq_terence
D:4:      layout_rooms, serial_shops, nicolae_shop_stone, grunt_ministairs_7
D:5:      layout_cave_pools, lemuel_temple_firewalk_b, uniq_blork_the_orc,
          uniq_prince_ribbit1
D:6:      layout_loops_ring, grunt_ashenzari_visionary
          [grunt_ashenzari_visionary_shoals, grunt_ashenzari_visionary_snake],
          kennysheep_cross_bottleneck, uniq_maggie
D:7:      layout_rooms, lemuel_doored_altar
D:8:      layout_basic, zin_academy, enter_bailey_4, uniq_harold, uniq_grum,
          uniq_erica

Skill      XL: |  1  2  3  4  5  6  7 |
---------------+----------------------+-----
Fighting       | 1 2 4 5 |  5.2
Summonings     | 1 2 3 6 5 |  6.1
Spellcasting   | 3 4 5 |  5.1
Dodging        | |  2.6
Stealth        | |  2.6
Necromancy     | |  4.1

Action                   |  1- 3 |  4- 6 |  7- 9 || total
-------------------------+-------+-------+-------++-------
Melee: Unarmed           |     3 |    36 |    15 ||    54
       Bite              |       |     6 |       ||     6
 Cast: Pain              |    99 |   146 |    25 ||   270
       Call Canine Famil |       |    54 |    15 ||    69
       Vampiric Draining |       |     9 |    13 ||    22
Evoke: Wand              |       |     1 |       ||     1
  Use: Scroll            |       |    12 |       ||    12
       Potion            |       |    11 |       ||    11
 Stab: Distracted        |       |     3 |     2 ||     5
       Sleeping          |       |     1 |       ||     1
Armor: Skin              |       |     6 |     3 ||     9
Dodge: Dodged            |    13 |    94 |    39 ||   146
